[ AOE2 MATCH · #507240491 ]
UnrankedPortuguese vs Huns
Player's team · LOSS
Rival team · WIN
[ REPLAY ANALYSIS · EXTRACTED FROM THE RECORDED GAME ]
Feudal
10:51
Castle
—
Imperial
—
| APM avg | 63.2 |
| APM peak | 109 |
| eAPM avg | 37.8 |
| Villagers / military | 39 / 15 |
Focus
⚔️ 65.7% · 🌾 34.3%
Archer ×8 · Militia ×4 · Spearman ×3
Feudal
8:51
Castle
—
Imperial
—
| APM avg | 54.7 |
| APM peak | 70 |
| eAPM avg | 18.6 |
| Villagers / military | 41 / 8 |
Focus
⚔️ 24.3% · 🌾 75.7%
Skirmisher ×6 · Scout Cavalry ×2
Match map
Initial resources + every placement click. Lines = walls · curves = elevation contours. ◆ gold · ⬟ stone · ● berries · ✦ relic · ◌ wall gap
Your base· Open — unwalled flank
ballin' penguin's base· Open — unwalled flank
Smoothed initial terrain · ◌ = detected wall gap · hover for details
Inputs per minute
— KIV.YourAddHere - - ballin' penguin
Build order — KIV.YourAddHere
89 actions detected in the replay
| 0:00 | Create | Villager (Male) |
| 0:02 | Build | House |
| 0:04 | Build | House |
| 0:13 | Create | Villager (Male) |
| 0:14 | Create | Villager (Male) |
| 0:39 | Create | Villager (Male) |
| 1:23 | Create | Villager (Male) |
| 1:24 | Create | Villager (Male) |
| 2:01 | Create | Villager (Male) |
| 2:24 | Create | Villager (Male) |
| 2:44 | Create | Villager (Male) |
| 3:02 | Build | Barracks |
| 3:16 | Create | Villager (Male) |
| 3:31 | Build | House |
| 3:48 | Create | Villager (Male) |
| 3:49 | Create | Villager (Male) |
| 4:04 | Create | Militia |
| 4:04 | Create | Militia |
| 4:08 | Create | Villager (Male) |
| 4:32 | Create | Villager (Male) |
| 4:36 | Research | Loom |
| 4:37 | Create | Militia |
| 4:45 | Create | Villager (Male) |
| 4:45 | Create | Villager (Male) |
| 5:20 | Build | House |
| 5:35 | Create | Villager (Male) |
| 6:01 | Create | Militia |
| 6:14 | Create | Villager (Male) |
| 6:22 | Create | Villager (Male) |
| 7:05 | Create | Villager (Male) |
| 7:17 | Create | Villager (Male) |
| 7:21 | Build | Mill |
| 7:36 | Build | House |
| 8:16 | Create | Villager (Male) |
| 8:33 | Build | Mining Camp |
| 8:39 | Research | Feudal Age |
| 9:27 | Build | Palisade Wall |
| 9:34 | Build | Lumber Camp |
| 9:37 | Create | Villager (Male) |
| 10:37 | Build | Palisade Wall |
| 10:37 | Build | Palisade Wall |
| 10:51 | Age | Feudal Age |
| 10:58 | Build | Palisade Wall |
| 11:00 | Research | Double-Bit Axe |
| 11:10 | Create | Villager (Male) |
| 11:18 | Build | Archery Range |
| 11:20 | Create | Villager (Male) |
| 11:47 | Create | Spearman |
| 12:01 | Create | Spearman |
| 12:04 | Build | Palisade Wall |
| 12:10 | Build | House |
| 12:12 | Build | House |
| 12:17 | Build | House |
| 12:18 | Create | Archer ×3 |
| 12:22 | Create | Villager (Male) ×5 |
| 12:29 | Research | Horse Collar |
| 12:37 | Create | Archer ×2 |
| 12:56 | Build | Farm |
| 13:10 | Build | Farm |
| 13:16 | Build | Farm |
| 13:18 | Create | Villager (Male) ×3 |
| 13:28 | Build | House |
| 13:29 | Build | House |
| 13:34 | Create | Villager (Male) |
| 13:42 | Build | Farm |
| 13:43 | Create | Villager (Male) |
| 13:57 | Create | Archer |
| 14:04 | Build | Palisade Wall |
| 14:06 | Build | House |
| 14:14 | Build | Farm |
| 14:20 | Build | Palisade Wall |
| 14:27 | Build | House |
| 14:36 | Create | Spearman |
| 14:50 | Create | Villager (Male) |
| 14:52 | Build | Farm |
| 14:55 | Build | Farm |
| 15:18 | Build | Farm |
| 15:25 | Build | Farm |
| 15:38 | Build | House |
| 15:44 | Create | Villager (Male) |
| 16:15 | Create | Villager (Male) |
| 16:21 | Build | Market |
| 16:25 | Build | Palisade Wall |
| 17:03 | Build | House |
| 17:06 | Build | Palisade Wall |
| 17:12 | Create | Archer |
| 17:12 | Create | Archer |
| 17:18 | Create | Villager (Male) |
| 17:21 | Research | Town Watch |
Build order — ballin' penguin
81 actions detected in the replay
| 0:00 | Create | Villager (Male) |
| 0:01 | Create | Villager (Male) |
| 0:01 | Create | Villager (Male) |
| 0:01 | Create | Villager (Male) |
| 1:14 | Create | Villager (Male) |
| 1:43 | Create | Villager (Male) |
| 1:47 | Build | Lumber Camp |
| 2:12 | Create | Villager (Male) |
| 2:40 | Create | Villager (Male) |
| 2:40 | Create | Villager (Male) |
| 2:53 | Create | Villager (Male) |
| 3:18 | Create | Villager (Male) |
| 3:46 | Create | Villager (Male) |
| 3:55 | Create | Villager (Male) |
| 4:21 | Create | Villager (Male) |
| 4:27 | Build | Mill |
| 4:53 | Create | Villager (Male) |
| 4:54 | Create | Villager (Male) |
| 5:23 | Research | Loom |
| 6:37 | Research | Feudal Age |
| 6:51 | Build | Lumber Camp |
| 7:55 | Create | Villager (Male) |
| 8:50 | Build | Barracks |
| 8:51 | Age | Feudal Age |
| 9:08 | Create | Villager (Male) |
| 9:32 | Create | Villager (Male) |
| 9:52 | Build | Stable |
| 10:04 | Create | Villager (Male) |
| 10:07 | Create | Villager (Male) |
| 10:18 | Create | Villager (Male) |
| 10:26 | Create | Villager (Male) |
| 10:36 | Research | Double-Bit Axe |
| 10:37 | Research | Horse Collar |
| 10:41 | Create | Scout Cavalry |
| 10:47 | Create | Villager (Male) |
| 11:02 | Build | Farm |
| 11:05 | Create | Villager (Male) |
| 11:18 | Build | Farm |
| 11:24 | Create | Scout Cavalry |
| 11:28 | Build | Farm |
| 11:49 | Create | Villager (Male) |
| 11:49 | Create | Villager (Male) |
| 12:01 | Build | Farm |
| 12:07 | Create | Villager (Male) |
| 12:09 | Build | Farm |
| 12:15 | Build | Farm |
| 12:22 | Build | Farm |
| 12:25 | Create | Villager (Male) |
| 12:37 | Create | Villager (Male) |
| 12:46 | Build | Farm |
| 12:49 | Create | Villager (Male) |
| 12:51 | Build | Farm |
| 12:58 | Create | Villager (Male) |
| 13:16 | Create | Villager (Male) |
| 13:17 | Build | Farm |
| 13:19 | Build | Farm |
| 14:16 | Build | Archery Range |
| 14:19 | Create | Villager (Male) |
| 14:26 | Create | Villager (Male) |
| 14:57 | Build | Farm |
| 15:03 | Create | Skirmisher |
| 15:03 | Create | Skirmisher |
| 15:03 | Create | Skirmisher |
| 15:06 | Create | Villager (Male) |
| 15:11 | Build | Palisade Wall |
| 15:21 | Build | Farm |
| 15:42 | Build | Palisade Wall |
| 15:46 | Create | Skirmisher |
| 15:47 | Create | Villager (Male) |
| 15:56 | Build | Blacksmith |
| 16:11 | Create | Skirmisher |
| 16:12 | Create | Villager (Male) |
| 16:27 | Create | Skirmisher |
| 16:28 | Create | Villager (Male) |
| 16:38 | Build | Mining Camp |
| 16:43 | Create | Villager (Male) |
| 16:45 | Research | Fletching |
| 17:02 | Build | Palisade Wall |
| 17:14 | Create | Villager (Male) |
| 17:24 | Build | Palisade Wall |
| 17:41 | Build | Archery Range |
Match timeline
| 3:02 | KIV.YourAddHere · first_building Barracks |
| 8:50 | ballin' penguin · first_building Barracks |
| 8:51 | ballin' penguin · age_up feudal |
| 9:27 | KIV.YourAddHere · wall_segment Palisade Wall x5 |
| 9:52 | ballin' penguin · first_building Stable |
| 10:37 | KIV.YourAddHere · wall_segment Palisade Wall x1 |
| 10:37 | KIV.YourAddHere · wall_segment Palisade Wall x1 |
| 10:51 | KIV.YourAddHere · age_up feudal |
| 10:58 | KIV.YourAddHere · wall_segment Palisade Wall x1 |
| 11:18 | KIV.YourAddHere · first_building Archery Range |
| 12:04 | KIV.YourAddHere · wall_segment Palisade Wall x5 |
| 14:04 | KIV.YourAddHere · wall_segment Palisade Wall x10 |
| 14:16 | ballin' penguin · first_building Archery Range |
| 14:20 | KIV.YourAddHere · wall_segment Palisade Wall x8 |
| 15:11 | ballin' penguin · wall_segment Palisade Wall x1 |
| 15:42 | ballin' penguin · wall_segment Palisade Wall x12 |
| 16:25 | KIV.YourAddHere · wall_segment Palisade Wall x1 |
| 17:02 | ballin' penguin · wall_segment Palisade Wall x4 |
| 17:06 | KIV.YourAddHere · wall_segment Palisade Wall x7 |
| 17:24 | ballin' penguin · wall_segment Palisade Wall x13 |
| 17:29 | KIV.YourAddHere · first_market_buy 100 stone |
| 17:42 | KIV.YourAddHere · resign |
[ AI ANALYSIS · 1 CREDIT ]
What really happened in this match?
Wolo.gg analyzes every decision: build order, eco, micro, common mistakes by bracket. Personalized analysis on WhatsApp or Discord in 30 seconds.
Civ guide
Portuguese
Perfil
Jugador #389780